AoeStats
← PUNISHER

Arabian Desert

510514483Analyzed
1v1 RM · 24h ago on Oct 1, 2026· 61m 21s· 2 players
Game mode
Random Map
Map size
Tiny (2 player)
Population
200
Speed
Normal
Resources
Standard
Victory
Conquest
Starting age
Dark Age
Ending age
Imperial Age
RankedLock teamsTeams togetherTeam positionsShared explorationLock speedFull tech treeHidden civsTurbo modeCheats
Victory
Defeat
🇦🇺 Poles · Australia
880
+15
🇹🇷 Cumans · Türkiye
852
-15
PUNISHER
4:52 Loom
11:15 Feudal Age
13:17 Town Watch
13:56 Double-Bit Axe
17:22 Bloodlines
23:56 Castle Age
22:17 Fletching
23:10 Horse Collar
24:10 Pikeman
26:29 Squires
27:19 Wheelbarrow
27:31 Bodkin Arrow
28:36 Capped Ram
29:55 Arson
32:20 Murder Holes
32:31 Town Patrol
35:18 Forging
35:09 Scale Mail Armor
38:19 Imperial Age
38:22 Halberdier
39:52 Hand Cart
39:10 Light Cavalry
42:33 Chemistry
41:08 Halberdier
42:38 Stone Mining
43:18 Conscription
44:27 Gold Mining
49:30 Steppe Husbandry
53:17 Iron Casting
54:13 Bow Saw
55:28 Hoardings
55:24 Thumb Ring
56:48 Blast Furnace
56:03 Chain Mail Armor
56:34 Parthian Tactics
59:05 Cuman Mercenaries
60:47 Two-Man Saw
gerp
8:39 Loom
10:25 Feudal Age
14:22 Double-Bit Axe
14:20 Horse Collar
19:04 Castle Age
17:13 Scale Barding Armor
19:24 Wheelbarrow
19:21 Gold Mining
20:32 Chain Barding Armor
20:26 Stone Mining
21:02 Bow Saw
22:17 Forging
23:06 Szlachta Privileges
23:39 Bloodlines
25:00 Iron Casting
26:10 Stone Mining
27:05 Wheelbarrow
32:41 Imperial Age
31:11 Husbandry
33:15 Hand Cart
33:38 Scale Mail Armor
34:00 Fletching
36:09 Chain Mail Armor
35:35 Cavalier
38:33 Plate Mail Armor
40:00 Town Watch
44:31 Blast Furnace
45:02 Heavy Plow
48:28 Elite Obuch
49:51 Masonry
57:25 Town Patrol
Connection lost

Rejoining the realm…

Still unreachable

The connection could not be restored.

Session expired

The server has moved on; the page needs a fresh start.